 Dungeon Crawl Stone Soup version 0.25-a0-578-gc91f01c39c (webtiles) character file.

Game seed: 15362027887212651650, levelgen mode: deterministic

37 sanka the Chiller (level 3, 0/24 HPs)
             Began as a Barachi Ice Elementalist on Mar 7, 2020.
             Slain by a worm (7 damage)
             ... on level 2 of the Dungeon.
             The game lasted 00:03:35 (1222 turns).

sanka the Chiller (Barachi Ice Elementalist)        Turns: 1222, Time: 00:03:36

Health: 0/24       AC:  3    Str:  9    XL:     3   Next: 39%
Magic:  5/7        EV: 12    Int: 16    God:
Gold:   59         SH:  0    Dex: 12    Spells: 7/8 levels left

rFire    . . .     SeeInvis .   q - +0 trident
rCold    . . .     Gourm    .   (no shield)
rNeg     . . .     Faith    .   a - +0 robe
rPois    .         Spirit   .   (no helmet)
rElec    .         Reflect  .   o - +0 cloak
rCorr    .         Harm     .   (no gloves)
MR       .....                  (no boots)
Stlth    ++........             (no amulet)
HPRegen  0.08/turn              (no ring)
MPRegen  0.10/turn              (no ring)

@: slow
A: +LOS, swims, slowness 1, strong legs 1
a: Hop


You were on level 2 of the Dungeon.
You were not hungry.

You visited 1 branch of the dungeon, and saw 2 of its levels.

You collected 59 gold pieces.


Innate Abilities, Weirdness & Mutations

You can be seen from farther away. (+LOS)
You can swim through water.
You cover ground slowly.
You can hop short distances.


   Skills:
 - Level 2.1 Dodging
 - Level 1.7 Stealth
 + Level 3.1 Spellcasting
 + Level 5.5 Ice Magic


You had 7 spell levels left.
You knew the following spells:

 Your Spells              Type           Power        Failure   Level  Hunger
z - Freeze                Ice            ###.         1%          1    None

Your spell library contained the following spells:

 Spells                   Type           Power        Failure   Level  Hunger
 Frozen Ramparts          Ice            ###...       5%          3    ###....
 Ozocubu's Armour         Chrm/Ice       ##......     19%         3    ###....
 Hailstorm                Conj/Ice       ##......     52%         4    ####...
 Summon Ice Beast         Ice/Summ       ##......     52%         4    ####...

Inventory:

Hand Weapons
 k - a +0 short sword
 q - a +0 trident (weapon)
Missiles
 m - 8 javelins (quivered)
Armour
 a - a +0 robe (worn)
 o - a +0 cloak (worn)
Jewellery
 b - an uncursed ring of protection from magic {unknown}
Scrolls
 e - a scroll of identify {unknown}
 f - a scroll of random uselessness {unknown}
 i - 2 scrolls of noise {unknown}
 j - a scroll of teleportation {unknown}
 l - a scroll of blinking {unknown}
 n - a scroll of magic mapping {unknown}
 p - a scroll of enchant weapon {unknown}
Potions
 d - a potion of cancellation {unknown}
 g - 3 potions of lignification {unknown}
Comestibles
 c - a ration
 h - a chunk of flesh

Dungeon Overview and Level Annotations

Branches:
Dungeon (2/15)

Altars:

▒...▒ ▒▒▒ ▒...▒ ▒▒▒.▒ ▒...▒
▒▒▒▒...▒▒▒▒▒
▒▒▒▒▒...▒▒▒▒▒..........▒
▒....)..▒▒.............▒
▒...▒▒▒.▒▒▒...▒▒.........▒
......▒
▒▒.▒▒..▒▒▒..........▒
..?....
▒▒..w...▒...▒▒▒▒▒.▒▒▒▒
...... ▒....F.▒▒.▒▒▒▒▒▒▒.▒
...<.......▒▒▒▒........▒▒.▒▒
........... ▒........▒▒..▒
▒▒.......... ▒........▒▒▒.▒
........... ▒▒........▒ ▒▒▒
.........▒▒.........▒
................)...▒
...................▒
..................▒


You could see a worm.


Message History

The worm is heavily wounded.
You hit the worm.
The worm is severely wounded.
The worm closely misses you.
You see here a +0 club.
Attack whom?
Aim: a worm (severely wounded)
You reach to attack!
You completely miss the worm.
The worm is severely wounded.
The worm bites you!
You hit the worm but do no damage.
The worm is heavily wounded.
The worm bites you!
* * * LOW HITPOINT WARNING * * *
Attack whom?
Aim: a worm (moderately wounded)
You reach to attack!
You hit the worm.
The worm is heavily wounded.
Aiming: Freeze (safe; 1% risk of failure)
Aim: a worm (heavily wounded)
You freeze the worm.
The worm is heavily wounded.
Aiming: Freeze (safe; 1% risk of failure)
Aim: a worm (heavily wounded)
You freeze the worm.
The worm is heavily wounded.
The worm bites you!
You die...

Action                   || total
-------------------------++-------
Melee: Unarmed           ||    20
       Trident           ||     7
       Short sword       ||     4
 Cast: Freeze            ||    37
  Eat: Chunk             ||     1
Armor: Robe              ||     6
Dodge: Dodged            ||    29

Levels and vault maps discovered:
D:1:      ldierk_water_garden, layout_rooms
D:2:      layout_rooms, first_ration

Notes
Turn   | Place    | Note
-------+----------+-------------------------------------------
     0 | D:1      | sanka the Barachi Ice Elementalist began the quest for the
                  | Orb.
     0 | D:1      | Reached XP level 1. HP: 13/13 MP: 3/3
    12 | D:1      | Reached skill level 5 in Ice Magic
    45 | D:2      | Reached XP level 2. HP: 19/19 MP: 1/5
   702 | D:1      | Reached XP level 3. HP: 24/24 MP: 4/7
   790 | D:1      | Reached skill level 3 in Spellcasting
  1222 | D:2      | Slain by a worm

Vanquished Creatures
  An ooze (D:1)
  A dart slug (D:2)
  2 leopard geckos
  2 bats
  2 giant cockroaches
  2 goblins
  8 hobgoblins
  2 frilled lizards
  3 kobolds (D:1)
  3 rats
26 creatures vanquished.

Vanquished Creatures (others)
  4 toadstools (D:1)
4 creatures vanquished.

Grand Total: 30 creatures vanquished
